 Dungeon Crawl Stone Soup version 0.30-a0-263-ge22c4ad894 (webtiles) character file.

Game seed: 9710349359901697954

1971 sscrono2 the Martial Artist (level 9, -1/84 HPs)
             Began as an Octopode Monk on Oct 13, 2022.
             Was a High Priest of Nemelex Xobeh.
             Slain by a hound (5 damage)
             ... on level 6 of the Dungeon.
             The game lasted 00:14:10 (6099 turns).

sscrono2 the Martial Artist (Octopode Monk)         Turns: 6099, Time: 00:14:11

Health: -1/84      AC:  1    Str: 13    XL:     9   Next: 20%
Magic:  14/14      EV: 14    Int: 14    God:    Nemelex Xobeh [*****.]
Gold:   336        SH:  0    Dex: 14    Spells: 6/12 levels left

rFire   . . .      SeeInvis .      - Unarmed
rCold   . . .      Faith    .    (no shield)
rNeg    . . .      Spirit   .    (helmet restricted)
rPois   .          Reflect  .    (no amulet)
rElec   .          Harm     .    (no ring)
rCorr   .          Rampage  .    (no ring)
Will    .....                    (no ring)
Stlth   ..........               (no ring)
HPRegen 0.34/turn                (no ring)
MPRegen 0.14/turn                (no ring)
                                 (no ring)
                                 (no ring)

@: berserking, very quick
A: almost no armour, amphibious, 8 rings, camouflage 1, gelatinous body 1,
(nimble swimmer 1), tentacles
a: Renounce Religion, Draw Escape, Draw Destruction, Draw Summoning, Triple
Draw, Deal Four, Stack Five


You were on level 6 of the Dungeon.
You worshipped Nemelex Xobeh.
Nemelex Xobeh was extremely pleased with you.
You visited 2 branches of the dungeon, and saw 7 of its levels.

You collected 336 gold pieces.

Inventory:

Missiles
 p - a throwing net (quivered)
 s - 7 poisoned darts
Scrolls
 b - 3 scrolls of identify {unknown}
 c - 2 scrolls of brand weapon {unknown}
 d - 2 scrolls of noise {unknown}
 e - 2 scrolls of amnesia {unknown}
 f - 3 scrolls of teleportation {unknown}
 g - 2 scrolls of fog {unknown}
 h - a scroll of magic mapping {unknown}
 j - 3 scrolls of immolation {unknown}
 m - 3 scrolls of blinking {unknown}
 t - a scroll of vulnerability {unknown}
 v - a scroll of silence {unknown}
Potions
 a - a potion of curing {unknown}
 i - a potion of might {unknown}
 k - a potion of degeneration {unknown}
 n - a potion of heal wounds {unknown}
 o - 4 potions of lignification {unknown}
 q - 4 potions of mutation {unknown}
 r - a potion of haste {unknown}
 u - a potion of resistance {unknown}


   Skills:
 - Level 3.0 Fighting
 - Level 3.0 Dodging
 - Level 2.6 Stealth
 + Level 8.2 Unarmed Combat
 + Level 2.0 Spellcasting
 * Level 3.5 Transmutations
 + Level 2.8 Poison Magic
 + Level 7.7 Invocations


You had 6 spell levels left.
You knew the following spells:

 Your Spells              Type           Power      Damage    Failure   Level
a - Eringya's Noxious Bo  Tmut/Pois      5%         N/A       100%        6

Your spell library contained the following spells:

 Spells                   Type           Power      Damage    Failure   Level
 Foxfire                  Conj/Fire      4%         2x1d4     24%         1
 Ignite Poison            Fire/Tmut/Pois 7%         N/A       30%         3
 Kindle Blastsparks       Fire/Tloc/Air  2%         2d10      56%         3
 Fireball                 Conj/Fire      0%         3d3       100%        5
 Freezing Cloud           Conj/Ice/Air   0%         6-21      100%        5
 Summon Forest            Summ/Tloc      0%         N/A       100%        5
 Starburst                Conj/Fire      0%         6d3       100%        6
 Summon Hydra             Summ           0%         N/A       100%        7


Dungeon Overview and Level Annotations

Branches:
Dungeon (6/15)             Temple (1/1) D:6

Altars:
Ashenzari
Cheibriados
Dithmenos
Elyvilon
Fedhas
Hepliaklqana
Makhleb
Nemelex Xobeh
Okawaru
Ru
Sif Muna
Trog
Uskayaw
Wu Jian
Xom
Yredelemnul
Zin
The Shining One

Annotations:
D:6 1 runed translucent door


Innate Abilities, Weirdness & Mutations

You cannot wear most types of armour.
You are amphibious.
You can wear up to eight rings at the same time.
Your skin changes colour to match your surroundings (Stealth+).
Your rubbery body absorbs attacks. (AC +1, EV +1)
((You are camouflaged when in or above water. (Stealth+)))
You have tentacles for arms and can constrict up to eight enemies at once.


Message History

A hound comes into view.
The hound barks!
You tentacle-slap the centaur but do no damage.
Your squeeze misses the centaur.
The centaur is heavily wounded.
The centaur barely misses you. The centaur closely misses you.
The centaur hits you. The centaur barely misses you.
You barely miss the centaur.
The centaur is heavily wounded.
The centaur hits you. The centaur misses you.
You barely miss the centaur.
The centaur is heavily wounded.
The centaur hits you. The centaur kicks you.
You tentacle-slap the centaur but do no damage.
Your squeeze misses the centaur.
The centaur is heavily wounded.
The centaur misses you. The centaur barely misses you. The hound bites you.
You draw a card...
You have drawn the Tomb.
Walls emerge from the floor!
The centaur hits you. The centaur kicks you. The hound closely misses you.
The centaur hits you.
* * * LOW HITPOINT WARNING * * *
The centaur kicks you.
* * * LOW HITPOINT WARNING * * *
Unknown command.
You tentacle-slap the centaur. x2
The centaur is severely wounded.
The hound closely misses you. The centaur closely misses you.
The centaur kicks you.
* * * LOW HITPOINT WARNING * * *
The hound bites you.
* * * LOW HITPOINT WARNING * * *
Okay, then.
A red film seems to cover your vision as you go berserk!
You feel yourself moving faster!
You feel mighty! The centaur hits you.
* * * LOW HITPOINT WARNING * * *
The centaur kicks you.
* * * LOW HITPOINT WARNING * * *
The hound bites you.
You die...
Your body disappears without a glow.

######### # #...
...# #
########.#####.####
#c@#...............
#h######.####..##.#
#. #.###...##.. #.
#.##.....### #.
#.......## # ..
######.## # .. #.#
.. #.# ##+##


You could see a centaur and a hound.

Vanquished Creatures
  A yak (D:5)
  An ice beast (D:6)
  An ogre (D:5)
  A phantom (D:5)
  A bullfrog (D:5)
  A gnoll sergeant (D:6)
  2 scorpions (D:5)
  3 necrophages
  A jelly (D:5)
  2 hounds (D:5)
  A gnoll bouda (D:4)
  4 orc priests
  Ijyb (D:3)
  2 iguanas
  5 orc wizards
  Natasha (thrice) (D:4)
  Robin (D:3)
  8 gnolls
  5 adders
  A white imp (D:5)
  An ufetubus (D:5)
  A worm (D:2)
  2 dart slugs
  17 orcs
  12 endoplasms
  3 giant cockroaches
  10 goblins
  12 hobgoblins
  2 quokkas
  6 ball pythons
  6 bats
  4 frilled lizards
  6 kobolds
  10 rats
137 creatures vanquished.

Vanquished Creatures (collateral kills)
  A water moccasin (D:6)
  An orc warrior (D:6)
  A sky beast (D:6)
  A necrophage (D:6)
  An electric eel (D:6)
5 creatures vanquished.

Vanquished Creatures (others)
  A ball python (D:3)
1 creature vanquished.

Grand Total: 143 creatures vanquished

Notes
Turn   | Place    | Note
-------+----------+-------------------------------------------
     0 | D:1      | sscrono2 the Octopode Monk began the quest for the Orb.
     0 | D:1      | Reached XP level 1. HP: 16/16 MP: 1/1
    84 | D:1      | Found a faded altar of an unknown god.
   285 | D:1      | Reached XP level 2. HP: 21/21 MP: 2/2
   350 | D:1      | Prayed at the altar of an unknown god.
   350 | D:1      | Became a worshipper of Nemelex Xobeh the Trickster
   350 | D:1      | Reached * piety under Nemelex Xobeh
   350 | D:1      | Received a gift from Nemelex Xobeh
   350 | D:1      | Reached ** piety under Nemelex Xobeh
   350 | D:1      | Received a gift from Nemelex Xobeh
   752 | D:2      | Reached *** piety under Nemelex Xobeh
   817 | D:2      | Reached skill level 1 in Invocations
   817 | D:2      | Reached XP level 3. HP: 21/26 MP: 3/3
   851 | D:2      | Reached skill level 4 in Unarmed Combat
  1041 | D:2      | Received a gift from Nemelex Xobeh
  1512 | D:3      | Reached XP level 4. HP: 19/31 MP: 5/5
  1519 | D:3      | Noticed Robin
  1526 | D:3      | Killed Robin
  1561 | D:3      | Reached XP level 5. HP: 10/36 MP: 5/7
  1746 | D:3      | Reached **** piety under Nemelex Xobeh
  1784 | D:3      | Noticed Ijyb
  1788 | D:3      | Reached skill level 5 in Unarmed Combat
  1793 | D:3      | Killed Ijyb
  1837 | D:3      | You fall into a shaft and drop 1 floor!
  1877 | D:4      | Noticed Natasha
  1885 | D:4      | Killed Natasha
  1886 | D:4      | Reached XP level 6. HP: 42/42 MP: 8/8
  3149 | D:4      | Reached skill level 6 in Unarmed Combat
  3149 | D:4      | Reached XP level 7. HP: 18/46 MP: 10/10
  3152 | D:4      | HP: 1/46 [orc priest/divine providence (11)]
  3153 | D:4      | Reached skill level 5 in Invocations
  3258 | D:4      | Found a shimmering blue altar of Sif Muna.
  3288 | D:4      | Received a gift from Nemelex Xobeh
  3395 | D:4      | Noticed Natasha
  3402 | D:4      | Killed Natasha
  3510 | D:4      | Noticed a moth of wrath
  3513 | D:4      | Found a bloodstained altar of Trog.
  3530 | D:4      | Identified the +3 mace "Biov" {holy, rF++ rC+ rCorr}
  3531 | D:4      | Identified the +2 dagger "Sutunin" {vorpal, *Rage Drain
                  | rCorr Int+4}
  3558 | D:4      | Noticed Natasha
  3561 | D:4      | Killed Natasha
  3764 | D:5      | Entered Level 5 of the Dungeon
  4207 | D:5      | Found a shimmering altar of Xom.
  4207 | D:5      | Found a sparkling altar of Nemelex Xobeh.
  4208 | D:5      | Found an iron altar of Okawaru.
  4250 | D:5      | Reached skill level 7 in Unarmed Combat
  4336 | D:5      | Noticed a yak
  4361 | D:5      | Reached XP level 8. HP: 46/52 MP: 12/12
  5006 | D:5      | Learned a level 6 spell: Eringya's Noxious Bog
  5107 | D:5      | Killed a yak
  5108 | D:5      | Reached skill level 1 in Transmutations
  5379 | D:6      | Reached skill level 1 in Spellcasting
  5379 | D:6      | Reached skill level 1 in Poison Magic
  5401 | D:6      | Reached skill level 8 in Unarmed Combat
  5404 | D:6      | Reached XP level 9. HP: 54/56 MP: 14/14
  5514 | D:6      | Received a gift from Nemelex Xobeh
  5556 | D:6      | Reached ***** piety under Nemelex Xobeh
  5741 | D:6      | Found a snail-covered altar of Cheibriados.
  5907 | D:6      | Found a staircase to the Ecumenical Temple.
  5940 | D:6      | Found a runed translucent door.
  5955 | Temple   | Entered the Ecumenical Temple
  6099 | D:6      | HP: 4/84 [centaur (2)]
  6099 | D:6      | Slain by a hound

Illustrated notes

Levels and vault maps discovered:
D:1:      mrwooster_arrival_arrow, layout_loops_ring,
          ebering_ecumenical_altar_abandoned
D:2:      layout_rooms
D:3:      layout_rooms, uniq_ijyb, uniq_robin
D:4:      layout_loops_corners, mainiacjoe_overflow_alcove_4, tgw_trog,
          uniq_natasha
D:5:      layout_loops_corners, chequers_temple_overflow_statue_of_worship,
          grunt_ministairs_12, kennysheep_opposing_triangles
D:6:      cheibrodos_helix_gallery, layout_loops_corners,
          mainiacjoe_overflow_alcove_2, nicolae_qazlal_eye_of_the_storm,
          minmay_temple_entry_junction_2, ebering_ghost_reflecting_pool
Temple:   nicolae_temple_x_marks_the_god

Skill      XL: |  1  2  3  4  5  6  7  8  9 |
---------------+----------------------------+-----
Invocations    | 1 3 4 6 7 |  7.7
Unarmed Combat | 4 5 6 7 8 |  8.2
Transmutations | 2 3 |  3.5
Spellcasting   | 1 2 |  2.0
Poison Magic   | 2 |  2.8
Fighting       | |  3.0
Dodging        | |  3.0
Stealth        | |  2.6

Action                   |  1- 3 |  4- 6 |  7- 9 || total
-------------------------+-------+-------+-------++-------
Melee: Unarmed           |    84 |    69 |   115 ||   268
       Constrict         |    21 |    20 |    26 ||    67
       Tentacles         |    12 |    11 |    31 ||    54
       Punch             |     2 |     2 |     6 ||    10
Invok: Draw Destruction  |     2 |    11 |     8 ||    21
       Draw Summoning    |       |       |     2 ||     2
       Draw Escape       |       |       |     2 ||     2
Evoke: Wand              |       |       |     7 ||     7
  Use: Potion            |       |       |     2 ||     2
 Stab: Sleeping          |    18 |     2 |     6 ||    26
       Distracted        |       |       |     2 ||     2
Armor: Skin              |     7 |       |     6 ||    13
Dodge: Dodged            |    49 |    32 |    72 ||   153

Table legend: (Time is in decaauts)
 A = Elapsed time spent in this place.
 B = Non-inter-level travel time spent in this place.
 C = Inter-level travel time spent in this place.
 D = Time resting spent in this place.
 E = Time spent auto-exploring this place.
 F = Levels seen in this place.
 G = Mean time per level.
                   A        B        C        D        E       F      G
               +--------+--------+--------+--------+--------+-----+--------+
         Total |   6072 |   5900 |    172 |   1255 |   3622 |   7 |  867.4 |
       Dungeon |   6011 |   5846 |    165 |   1255 |   3573 |   6 | 1001.8 |
        Temple |     60 |     54 |      6 |      0 |     49 |   1 |   60.0 |
               +--------+--------+--------+--------+--------+-----+--------+

Top non-repeatable levels by time:
     D:5: 1532 daAuts
     D:4: 1499 daAuts
     D:3: 848 daAuts
     D:1: 739 daAuts
     D:6: 729 daAuts
     D:2: 662 daAuts
  Temple: 60 daAuts
